 Dungeon Crawl Stone Soup version 0.24.0-123-gd5b16e6ec5 (webtiles) character file.

Game seed: 12661420939179130509, levelgen mode: deterministic

5012 Lemonice the Fighter (level 10, -1/82 HPs)
             Began as a Gnoll Wanderer on Feb 9, 2020.
             Was a High Priest of Ru.
             Slain by a gnoll (2 damage)
             ... while petrified by a basilisk
             ... on level 10 of the Dungeon.
             The game lasted 00:36:55 (8467 turns).

Lemonice the Fighter (Gnoll Wanderer)               Turns: 8467, Time: 00:36:55

Health: -1/82      AC: 16    Str: 17    XL:     10   Next: 54%
Magic:  15/17      EV:  2    Int: 16    God:    Ru [*****.]
Gold:   605        SH:  0    Dex: 14    Spells: 19/19 levels left

rFire    . . .     SeeInvis +   G - +2 halberd (chop)
rCold    . . .     Gourm    .   (shield currently unavailable)
rNeg     + + +     Faith    .   z - +0 scale mail
rPois    ∞         Spirit   .   r - +2 helmet
rElec    .         Reflect  .   N - +2 cloak {rPois}
rCorr    .         Harm     .   w - +0 pair of gloves
MR       .....                  c - +0 pair of boots
Stlth    +++.......             Q - amulet of magic regeneration (curse)
HPRegen  0.23/turn              t - ring of see invisible
MPRegen  0.40/turn              o - ring of stealth

@: exhausted, petrified, no potions, lightly drained
A: distributed training, fangs 1, inability to drink while threatened, inability
to use devices, no air magic, no hexes magic, no summoning magic, magic
vulnerability 1, strong nose
a: Draw Out Power, Power Leap, Apocalypse, Renounce Religion


You were on level 10 of the Dungeon.
You worshipped Ru.
Ru was extremely pleased with you.
You were not hungry.

You visited 1 branch of the dungeon, and saw 10 of its levels.
You also visited: Sewer.

You collected 644 gold pieces.
You spent 39 gold pieces at shops.

Inventory:

Hand Weapons
 a - a +2 spear
 x - a +2 falchion of electrocution
 y - a +2 dagger of venom
 A - a +2 quarterstaff of chaos
 E - a +2 flail of protection
 G - a +2 halberd of chopping (weapon)
 K - a +6 flail of crushing
Missiles
 R - 4 throwing nets (quivered)
Armour
 c - a +0 pair of boots (worn)
 d - a +0 robe
 r - a +2 helmet (worn)
 w - a +0 pair of gloves (worn)
 z - a +0 scale mail (worn)
 B - a +1 cloak
 M - a +1 helmet of see invisible
 N - a +2 cloak of poison resistance (worn)
Jewellery
 e - an uncursed amulet of the acrobat {unknown}
 j - an uncursed amulet of harm {unknown}
 o - a ring of stealth (right hand)
 t - a ring of see invisible (left hand)
 O - an uncursed ring of magical power {unknown}
 P - an uncursed amulet of faith {unknown}
 Q - a cursed amulet of magic regeneration (around neck)
Scrolls
 b - 3 scrolls of teleportation
 h - 5 scrolls of remove curse
 m - a scroll of amnesia
 q - 2 scrolls of enchant weapon
 s - 2 scrolls of identify
 C - 2 scrolls of enchant armour
 F - a scroll of silence {unknown}
 H - a scroll of blinking
 J - 2 scrolls of noise {unknown}
 L - a scroll of magic mapping
 S - a scroll of holy word {unknown}
Potions
 g - 4 potions of lignification
 i - 6 potions of heal wounds
 k - a potion of haste
 l - 5 potions of curing
 n - a potion of might
 p - 4 potions of flight
 u - a potion of resistance
 v - a potion of agility
 D - 2 potions of brilliance {unknown}
 I - a potion of cancellation {unknown}
Comestibles
 f - 25 rations


   Skills:
 + Level 8.5(8.4) Fighting
 + Level 5.3(5.2) Short Blades
 + Level 5.3(5.2) Long Blades
 + Level 5.3(5.2) Axes
 + Level 5.3(5.2) Maces & Flails
 + Level 7.1(7.0) Polearms
 + Level 5.3(5.2) Staves
 + Level 5.3(5.2) Slings
 + Level 5.3(5.2) Bows
 + Level 5.9(5.8) Crossbows
 + Level 5.3(5.2) Throwing
 + Level 5.3(5.2) Armour
 + Level 5.9(5.8) Dodging
 + Level 5.8(5.7) Stealth
 + Level 5.3(5.2) Shields
 + Level 5.3(5.2) Unarmed Combat
 + Level 5.3(5.2) Spellcasting
 + Level 4.3(4.2) Conjurations
   Level 0.0 Hexes
 + Level 4.3(4.2) Charms
   Level 0.0 Summonings
 + Level 4.3(4.2) Necromancy
 + Level 4.3(4.2) Translocations
 + Level 4.3(4.2) Transmutations
 + Level 4.3(4.2) Fire Magic
 + Level 4.3(4.2) Ice Magic
   Level 0.0 Air Magic
 + Level 4.3(4.2) Earth Magic
 + Level 4.3(4.2) Poison Magic
 + Level 5.8(5.7) Invocations
   Level 0.0 Evocations


You had 19 spell levels left.
You didn't know any spells.
Your spell library contained the following spells:

 Spells                   Type           Power        Failure   Level  Hunger
 Beastly Appendage        Tmut           ###...       8%          1    None
 Sandblast                Erth           ###...       8%          1    None
 Passwall                 Tmut/Erth      ###.....     12%         2    #......
 Sticks to Snakes         Tmut           ###.....     12%         2    #......
 Spider Form              Tmut/Pois      ###.......   24%         3    ###....
 Stone Arrow              Conj/Erth      ###...       24%         3    ###....
 Ice Form                 Ice/Tmut       ###.....     61%         4    ####...
 Petrify                  Tmut/Erth      ###.....     61%         4    ####...
 Blade Hands              Tmut           ###.......   91%         5    ######.
 Lee's Rapid Deconstruct  Erth           ###.......   91%         5    ######.


Dungeon Overview and Level Annotations

Branches:
Dungeon (10/15)            Temple (0/1) D:6            Lair (0/6) D:10
  Sewer (visited)
    Orc: D:9-12

Altars:
Ashenzari
Cheibriados
Elyvilon
Kikubaaqudgha
Nemelex Xobeh
Qazlal
Ru
Trog
Vehumet
Wu Jian
Xom
The Shining One

Shops:
D:4 *   D:6 *   D:7 =   D:8 *(


Innate Abilities, Weirdness & Mutations

Your experience applies equally to all skills.
You have very sharp teeth.
You cannot drink potions while threatened.
You cannot study or use magical devices.
You cannot study or cast Air magic.
You cannot study or cast Hexes magic.
You cannot study or cast Summoning magic.
You are slightly vulnerable to magic. (MR-)
Your uncanny sense of smell can sniff out nearby items.


Message History

You focus your will and slow the black bear in retribution!
The black bear claws you. The porcupine bites you.
* * * LOW HITPOINT WARNING * * *
The bullfrog releases a deep croak.
The black bear bites you.
* * * LOW HITPOINT WARNING * * *
The black bear claws you but does no damage. x2
A gnoll comes into view. It is wielding a +0 spear.
The basilisk bites you.
* * * LOW HITPOINT WARNING * * *
The black bear bites you!
* * * LOW HITPOINT WARNING * * *
You focus your will and slow the black bear in retribution!
The black bear claws you.
* * * LOW HITPOINT WARNING * * *
The black bear claws you but does no damage.
The porcupine barely misses you. The gnoll hits you but does no damage.
The porcupine bites you but does no damage.
The gnoll hits you.
You die...

..# .# ## ..# #.#...#
..# ..+...+ . ..#
#.#...#.# ..############
#.#....P. ..............
.....P..P
.#####.###.#####F.......
.# ###........hhhr......
.###...###.####l@rW♣...
...+.......# #.gPg.P♣
.###...##### #..h..PP...
.# #...# #P......>.. .#
##### #..♣...P..P '####
#.....♣.♣tP ....#
##.....PP . ....# #.
..g..P ....#


You could see a hungry ghost, a basilisk, a crocodile (wandering), 3 black
bears, a bullfrog, a howler monkey, 2 porcupines and 3 gnolls.

Vanquished Creatures
  A wyvern (D:8)
  A basilisk (D:10)
  A hungry ghost (D:7)
  Edmund (D:5)
  A sky beast (D:8)
  A porcupine (D:10)
  2 phantoms
  2 ice beasts
  2 orc warriors
  A necrophage (D:6)
  2 wolves (D:10)
  4 centaurs
  4 ogres
  2 big kobolds
  2 bullfrogs
  A gnoll sergeant (D:4)
  3 scorpions
  5 wights (D:9)
  4 killer bees
  7 howler monkeys
  A crimson imp (D:9)
  A centaur zombie (D:7)
  A quasit (D:9)
  A bullfrog zombie (D:6)
  5 jellies
  3 bullfrog skeletons
  Crazy Yiuf (D:3)
  2 orc priests
  2 hounds
  A gnoll shaman (D:7)
  2 iguanas
  Jessica (D:3)
  6 worker ants
  4 orc wizards
  A killer bee zombie (D:7)
  2 hound skeletons
  41 gnolls
  13 adders
  A river rat (Sewer)
  4 shadow imps
  An ooze (D:3)
  2 adder zombies
  An adder skeleton (D:8)
  4 worms
  4 dart slugs
  6 leopard geckos
  27 orcs
  10 giant cockroaches
  7 goblins
  6 hobgoblins
  26 jackals
  14 kobolds
  4 quokkas
  2 ball pythons
  A ball python skeleton (D:4)
  13 bats
  3 frilled lizards
  A leopard gecko zombie (D:6)
  2 quokka skeletons
  14 rats
288 creatures vanquished.

Vanquished Creatures (others)
  A hippogriff (D:7)
  A black bear (D:8)
  A sky beast (D:8)
  2 ogres (D:8)
  A centaur (D:8)
  A quasit (D:8)
  An adder (D:8)
  2 plants (D:10)
10 creatures vanquished.

Grand Total: 298 creatures vanquished

Notes
Turn   | Place    | Note
-------+----------+-------------------------------------------
     0 | D:1      | Lemonice the Gnoll Wanderer began the quest for the Orb.
     0 | D:1      | Lemonice set off with the following items: a +2 spear, a
                  | scroll of teleportation, a wand of random effects (15), a
                  | +0 robe, a ration
     0 | D:1      | Reached XP level 1. HP: 23/23 MP: 3/3
   118 | D:1      | Reached XP level 2. HP: 29/29 MP: 5/5
   300 | D:1      | Reached XP level 3. HP: 23/35 MP: 6/6
   678 | D:2      | Reached skill level 1 in Invocations
   723 | D:2      | Reached skill level 1 in Short Blades
   723 | D:2      | Reached skill level 1 in Long Blades
   723 | D:2      | Reached skill level 1 in Axes
   723 | D:2      | Reached skill level 1 in Maces & Flails
   723 | D:2      | Reached skill level 1 in Staves
   723 | D:2      | Reached skill level 1 in Slings
   723 | D:2      | Reached skill level 1 in Bows
   723 | D:2      | Reached skill level 1 in Throwing
   723 | D:2      | Reached skill level 1 in Armour
   723 | D:2      | Reached skill level 1 in Shields
   723 | D:2      | Reached skill level 1 in Unarmed Combat
   723 | D:2      | Reached skill level 1 in Spellcasting
   723 | D:2      | Reached XP level 4. HP: 19/41 MP: 7/7
   982 | D:2      | Found an ornate altar of the Wu Jian Council.
  1039 | D:2      | Reached skill level 1 in Conjurations
  1039 | D:2      | Reached skill level 1 in Hexes
  1039 | D:2      | Reached skill level 1 in Charms
  1039 | D:2      | Reached skill level 1 in Summonings
  1039 | D:2      | Reached skill level 1 in Necromancy
  1039 | D:2      | Reached skill level 1 in Translocations
  1039 | D:2      | Reached skill level 1 in Transmutations
  1039 | D:2      | Reached skill level 1 in Fire Magic
  1039 | D:2      | Reached skill level 1 in Ice Magic
  1039 | D:2      | Reached skill level 1 in Air Magic
  1039 | D:2      | Reached skill level 1 in Earth Magic
  1039 | D:2      | Reached skill level 1 in Poison Magic
  1493 | D:3      | Reached XP level 5. HP: 42/47 MP: 8/8
  1631 | D:3      | Found an ancient bone altar of Kikubaaqudgha.
  1633 | D:3      | Found a sacrificial altar of Ru.
  1638 | D:3      | Found a glowing golden altar of the Shining One.
  1696 | D:3      | Became a worshipper of Ru the Awakened
  1724 | D:3      | Found a runed translucent door.
  1725 | D:3      | Noticed Crazy Yiuf
  1766 | D:3      | Noticed Jessica
  2286 | D:3      | Found a shattered altar of Ashenzari.
  2648 | D:3      | Killed Jessica
  2648 | D:3      | Reached XP level 6. HP: 53/53 MP: 9/9
  2741 | D:3      | Killed Crazy Yiuf
  2837 | D:4      | Found Dagregu's Elemental Accessories.
  2992 | D:3      | Reached skill level 5 in Polearms
  2992 | D:3      | Reached skill level 5 in Evocations
  3496 | D:4      | Gained mutation: You cannot study or cast Air magic. [Ru
                  | sacrifice]
  3496 | D:4      | Gained mutation: You cannot study or cast Hexes magic. [Ru
                  | sacrifice]
  3496 | D:4      | Gained mutation: You cannot study or cast Summoning magic.
                  | [Ru sacrifice]
  3496 | D:4      | Reached * piety under Ru
  3554 | D:4      | Reached XP level 7. HP: 59/59 MP: 10/10
  3862 | D:4      | Reached skill level 7 in Fighting
  4314 | D:4      | Reached XP level 8. HP: 50/67 MP: 12/12
  4458 | D:5      | Entered Level 5 of the Dungeon
  4485 | D:5      | You fall into a shaft and drop 3 floors!
  4494 | D:8      | Found Buhy's Assorted Antiques.
  4523 | D:8      | Found a shimmering altar of Xom.
  4689 | D:5      | Found a glowing drain.
  4699 | Sewer    | Entered a sewer
  4797 | Sewer    | Found a white marble altar of Elyvilon.
  5010 | D:5      | Gained mutation: You are slightly vulnerable to magic.
                  | (MR-) [Ru sacrifice]
  5010 | D:5      | Reached ** piety under Ru
  5390 | D:5      | Found a bloodstained altar of Trog.
  5623 | D:5      | Noticed Edmund
  5631 | D:5      | Killed Edmund
  5735 | D:6      | Reached XP level 9. HP: 63/72 MP: 14/14
  5762 | D:6      | Found Poxzutio's General Store.
  5966 | D:6      | Found a staircase to the Ecumenical Temple.
  5992 | D:6      | Found a snail-covered altar of Cheibriados.
  6028 | D:6      | Bought a potion of curing for 39 gold pieces
  6330 | D:6      | Found a sparkling altar of Nemelex Xobeh.
  6388 | D:7      | Found Caobraf's Jewellery Boutique.
  6438 | D:7      | Found a radiant altar of Vehumet.
  6516 | D:7      | Reached skill level 5 in Crossbows
  6516 | D:7      | Reached skill level 5 in Dodging
  6655 | D:7      | Reached skill level 5 in Stealth
  6745 | D:7      | Found a white marble altar of Elyvilon.
  6774 | D:7      | Reached skill level 8 in Fighting
  7033 | D:7      | Gained mutation: You cannot study or use magical devices.
                  | [Ru sacrifice]
  7033 | D:7      | Reached *** piety under Ru
  7033 | D:7      | Reached **** piety under Ru
  7033 | D:7      | Reached ***** piety under Ru
  7137 | D:8      | Reached skill level 5 in Invocations
  7273 | D:8      | Found Batyxzof's Antique Weapon Boutique.
  7279 | D:8      | Reached XP level 10. HP: 77/80 MP: 17/17
  7508 | D:8      | Found a stormy altar of Qazlal.
  7830 | D:9      | Reached skill level 5 in Short Blades
  7830 | D:9      | Reached skill level 5 in Long Blades
  7830 | D:9      | Reached skill level 5 in Axes
  7830 | D:9      | Reached skill level 5 in Maces & Flails
  7830 | D:9      | Reached skill level 5 in Staves
  7830 | D:9      | Reached skill level 5 in Slings
  7830 | D:9      | Reached skill level 5 in Bows
  7830 | D:9      | Reached skill level 5 in Throwing
  7830 | D:9      | Reached skill level 5 in Armour
  7830 | D:9      | Reached skill level 5 in Shields
  7830 | D:9      | Reached skill level 5 in Unarmed Combat
  7830 | D:9      | Reached skill level 5 in Spellcasting
  8326 | D:10     | Entered Level 10 of the Dungeon
  8423 | D:10     | Gained mutation: You cannot drink potions while threatened.
                  | [Ru sacrifice]
  8435 | D:10     | Found a staircase to the Lair.
  8467 | D:10     | HP: 3/82 [black bear (4)]
  8467 | D:10     | HP: 1/82 [black bear (2)]
  8467 | D:10     | Slain by a gnoll

Levels and vault maps discovered:
D:1:      dpeg_arrival_orchard, layout_loops_cross, minmay_statues_item,
          minmay_split_cup_small
D:2:      layout_basic, nicolae_overflow_crystal_walls
D:3:      layout_basic, evilmike_ruin_ashenzari, minitemple, first_ration,
          uniq_crazy_yiuf_cottage, uniq_jessica
D:4:      lemuel_castle_with_subvaults [lemuel_castle_interior_carwin_3],
          layout_cave_pools, nicolae_elemental_shop
D:5:      layout_loops_corners, bloody_trog, cheibrodos_sewer_entry_bend,
          minmay_misc_feat_x, kennysheep_generic_room_2, uniq_edmund
D:6:      layout_cave_pools, overflow_temple_1_default,
          minmay_temple_entry_hall, serial_shops, shop,
          nemelex_diamond_rough_becter
D:7:      layout_loops_ring, kennysheep_mini, vehumet_altar_wand_db,
          serial_shops, nicolae_shop_temple_entry_statues_fountains,
          grunt_ogre_cave, chequers_serial_rivers_large_a
D:8:      layout_gridville, grunt_qazlal_sundering, serial_shops, shop_coins,
          shop, nrook_mini_backslash, xom_confusion_cloud
D:9:      layout_long_grid
D:10:     layout_basic, minmay_lair_entry_grove, basic_altar

Skill      XL: |  1  2  3  4  5  6  7  8  9 10 |
---------------+-------------------------------+-----
Invocations    | 1 2 3 4 5 |  5.8
Short Blades   | 1 2 3 4 5 |  5.3
Long Blades    | 1 2 3 4 5 |  5.3
Axes           | 1 2 3 4 5 |  5.3
Maces & Flails | 1 2 3 4 5 |  5.3
Staves         | 1 2 3 4 5 |  5.3
Slings         | 1 2 3 4 5 |  5.3
Bows           | 1 2 3 4 5 |  5.3
Throwing       | 1 2 3 4 5 |  5.3
Armour         | 1 2 3 4 5 |  5.3
Shields        | 1 2 3 4 5 |  5.3
Unarmed Combat | 1 2 3 4 5 |  5.3
Spellcasting   | 1 2 3 4 5 |  5.3
Conjurations   | 1 2 3 4 |  4.3
Hexes          | 1 0 |  0.0
Charms         | 1 2 3 4 |  4.3
Summonings     | 1 0 |  0.0
Necromancy     | 1 2 3 4 |  4.3
Translocations | 1 2 3 4 |  4.3
Transmutations | 1 2 3 4 |  4.3
Fire Magic     | 1 2 3 4 |  4.3
Ice Magic      | 1 2 3 4 |  4.3
Air Magic      | 1 0 |  0.0
Earth Magic    | 1 2 3 4 |  4.3
Poison Magic   | 1 2 3 4 |  4.3
Crossbows      | 3 4 5 |  5.9
Dodging        | 3 4 5 |  5.9
Stealth        | 3 4 5 |  5.8
Polearms       | 5 6 7 |  7.1
Evocations     | 5 0 |  0.0
Fighting       | 7 8 |  8.5

Action                   |  1- 3 |  4- 6 |  7- 9 | 10-12 || total
-------------------------+-------+-------+-------+-------++-------
Melee: Spear             |   100 |   282 |   179 |       ||   561
       Bite              |     6 |    29 |    39 |     9 ||    83
       Punch             |     1 |     1 |     2 |       ||     4
       Halberd           |       |       |   293 |   137 ||   430
Invok: Sacrifice Arcana  |       |     1 |       |       ||     1
       Sacrifice Essence |       |       |     1 |       ||     1
       Sacrifice Artific |       |       |     1 |       ||     1
       Draw Out Power    |       |       |       |     1 ||     1
       Power Leap        |       |       |       |     1 ||     1
       Sacrifice Drink   |       |       |       |     1 ||     1
 Abil: Evoke Berserk Rag |       |     2 |     6 |       ||     8
  Use: Scroll            |       |       |    16 |       ||    16
       Potion            |       |       |     2 |       ||     2
 Stab: Sleeping          |    11 |     7 |     4 |     2 ||    24
       Distracted        |       |       |     4 |       ||     4
       Invisible         |       |       |       |     1 ||     1
  Eat: Chunk             |       |    11 |    12 |     3 ||    26
       Ration            |       |       |     2 |     1 ||     3
Armor: Robe              |     9 |    21 |       |       ||    30
       Scale mail        |       |    78 |   192 |   119 ||   389
Dodge: Dodged            |    33 |   187 |   229 |   121 ||   570
